 Dungeon Crawl Stone Soup version 0.20-a0-256-gabb291d (webtiles) character file.

65 Kidiri the Magician (level 3, 0/19 HPs)
             Began as a Deep Elf Fire Elementalist on Dec 1, 2016.
             Killed from afar by an orc wizard (7 damage)
             ... with a magic dart
             ... on level 3 of the Dungeon.
             The game lasted 00:04:20 (1789 turns).

Kidiri the Magician (Deep Elf Fire Elementalist)    Turns: 1789, Time: 00:04:21

Health: 0/19       AC:  2    Str:  5    XL:     3   Next: 94%
Magic:  3/11       EV: 13    Int: 20    God:
Gold:   85         SH:  0    Dex: 15    Spells: 2/11 levels left

rFire  . . .     SeeInvis .     h - +0 dagger
rCold  . . .     Gourm    .     a - +0 robe
rNeg   . . .     Faith    .     (no shield)
rPois  .         Spirit   .     (no helmet)
rElec  .         Reflect  .     (no cloak)
rCorr  .         Harm     .     (no gloves)
MR     .....                    (no boots)
Stlth  ++........               (no amulet)
                                (no ring)
                                g - ring of wizardry

@: no status effects
A: no striking features
a: no special abilities


You were on level 3 of the Dungeon.
You were not hungry.

You visited 1 branch of the dungeon, and saw 3 of its levels.

You collected 85 gold pieces.

Inventory:

Hand Weapons
 h - a +0 dagger (weapon)
Armour
 a - a +0 robe (worn)
Jewellery
 g - a ring of wizardry (left hand)
Scrolls
 e - a scroll of teleportation
Potions
 f - a potion of haste {unknown}
 k - a potion of curing
 l - 2 potions of lignification {unknown}
Books
 b - a book of Flames

   Spells                             Type                      Level
   a - Flame Tongue                   Conjuration/Fire             1
   b - Throw Flame                    Conjuration/Fire             2
   c - Conjure Flame                  Conjuration/Fire             3
   d - Inner Flame                    Hexes/Fire                   3
   e - Sticky Flame                   Conjuration/Fire             4
   f - Fireball                       Conjuration/Fire             5
Comestibles
 c - 2 bread rations
 i - 2 beef jerkies
 j - a slice of pizza


   Skills:
 - Level 2.4 Dodging
 - Level 2.4 Stealth
 * Level 4.6 Spellcasting
 + Level 2.1 Conjurations
 + Level 3.8 Fire Magic


You had 2 spell levels left.
You knew the following spells:

 Your Spells              Type           Power        Failure   Level  Hunger
a - Flame Tongue          Conj/Fire      ###..        1%          1    None
b - Throw Flame           Conj/Fire      ###...       2%          2    #......
c - Conjure Flame         Conj/Fire      ###.....     4%          3    ##.....
d - Inner Flame           Hex/Fire       ##......     7%          3    ##.....


Dungeon Overview and Level Annotations

Branches:
Dungeon (3/15)

Altars:


Message History

Aiming: Flame Tongue
Press: ? - help, Shift-Dir - straight line, f/p - orc wizard
Aim: an orc wizard, wielding a dagger and wearing a robe (lightly wounded, inner flame)
The flame tongue misses the orc wizard.
The flame tongue hits the orc.
You kill the orc!
Casting: Flame Tongue
Confirm with . or Enter, or press ? or * to list all spells.
Aiming: Flame Tongue
Press: ? - help, Shift-Dir - straight line, f/p - orc wizard
Aim: an orc wizard, wielding a dagger and wearing a robe (lightly wounded, inner flame)
The flame tongue misses the orc wizard.
The orc wizard points at you and mumbles some strange words.
The magic dart hits you! The orc wizard casts a spell at you.
The magic dart hits you!
An orc comes into view.
The orc shouts!
You hear a shout!
The orc wizard gestures at you while chanting.
The magic dart hits you!
You die...

#####.# #.).o)# #.
#.##### #.######..#
#.# #.#.<.....# #.#
#.#.####.## #.#
#.#.###...## #.#
#.o......... #.#
#...@<....#. #.#
##.......## #o#
#........# #.#
#####........# #.#
#..........#... #.#
#.##......##..##
#.#####.##......#
.#
#.o......o.###.....
#
#######.##......###


You could see an orc wizard (inner flame) and an orc.

Vanquished Creatures
  2 oozes
  A dart slug (D:1)
  2 leopard geckos
  3 orcs (D:3)
  7 bats
  6 giant cockroaches
  5 goblins
  7 hobgoblins
  A quokka (D:2)
  2 frilled lizards
  3 kobolds (D:1)
  8 rats
47 creatures vanquished.

Notes
Turn   | Place    | Note
-------+----------+-------------------------------------------
     0 | D:1      | Kidiri the Deep Elf Fire Elementalist began the quest for the Orb.
     0 | D:1      | Reached XP level 1. HP: 10/10 MP: 6/6
   266 | D:1      | Reached XP level 2. HP: 14/15 MP: 1/8
   276 | D:1      | Learned a level 2 spell: Throw Flame
   644 | D:1      | Reached skill level 4 in Spellcasting
   838 | D:1      | Reached XP level 3. HP: 19/19 MP: 5/10
   843 | D:1      | Learned a level 3 spell: Conjure Flame
   847 | D:1      | Learned a level 3 spell: Inner Flame
  1789 | D:3      | Killed from afar by an orc wizard

Vault maps used:
D:1:      wheals_arrival_linesprint, st_stairs_11
D:2:      minmay_door_square
D:3:      minitemple, nicolae_ashenzari_panopticon

Skill      XL: |  1  2  3 |
---------------+----------+-----
Spellcasting   | 4 |  4.6
Conjurations   | 2 |  2.1
Dodging        | |  2.4
Stealth        | |  2.4
Fire Magic     | |  3.8

Action                   || total
-------------------------++-------
Melee: Unarmed           ||     4
       Whip              ||     8
       Dagger            ||    30
 Cast: Flame Tongue      ||    51
       Throw Flame       ||    13
       Conjure Flame     ||     1
       Inner Flame       ||     1
  Use: Scroll            ||     2
 Stab: Sleeping          ||     7
  Eat: Chunk             ||     3
Armor: Robe              ||    16
Dodge: Dodged            ||    35
